 Dungeon Crawl Stone Soup version 0.31-a0-1042-ga9834b393d (webtiles) character file.

Game seed: 10972042607101242221

53519 Dirtsage the Arsonist (level 14, -4/95 HPs)
             Began as an Octopode Fire Elementalist on Nov 19, 2023.
             Was an Elder of Vehumet.
             Killed from afar by a gargoyle (17 damage)
             ... with a stone arrow
             ... on level 13 of the Dungeon.
             The game lasted 01:07:27 (20479 turns).

Dirtsage the Arsonist (Octopode Fire Elementalist) Turns: 20479, Time: 01:07:28

Health: -4/95      AC:  3    Str:  7    XL:     14   Next: 68%
Magic:  6/36       EV: 20    Int: 28    God:    Vehumet [****..]
Gold:   1284       SH:  0    Dex: 13    Spells: 3/31 levels left

rFire   . . .        m - staff of conjuration
rCold   + . .        p - orb {*channel}
rNeg    . . .        H - +2 hat
rPois   .            V - amulet of faith
rElec   .            v - +5 ring of evasion
rCorr   +            W - ring of wizardry
SInv    +            L - ring of magical power
Will    +....        C - ring of resist corrosion
Stlth   +++++        I - ring of protection from cold
HPRegen 0.35/turn    S - ring of see invisible
MPRegen 0.25/turn    j - +6 ring of intelligence
                     (no ring)

%: faith, wizardry (x1), channel magic (20%)
@: about to teleport
A: almost no armour, amphibious, 8 rings, camouflage 1, gelatinous body 1,
(nimble swimmer 1), tentacles
a: Renounce Religion


You were on level 13 of the Dungeon.
You worshipped Vehumet.
Vehumet was greatly pleased with you.
You visited 3 branches of the dungeon, and saw 19 of its levels.

You collected 1368 gold pieces.
You spent 84 gold pieces at shops.

Inventory:

Missiles
 F - 3 throwing nets
 G - 14 curare-tipped darts
Armour
 p - an orb of energy (worn)
 H - a +2 hat (worn)
Magical Staves
 m - a staff of conjuration (weapon)
 B - a staff of poison
 X - a staff of fire
Jewellery
 e - an amulet of guardian spirit
 j - a +6 ring of intelligence (on tentacle)
 r - an amulet of magic regeneration
 v - a +5 ring of evasion (left tentacle)
 C - a ring of resist corrosion (on tentacle)
 I - a ring of protection from cold (on tentacle)
 L - a ring of magical power (on tentacle)
 S - a ring of see invisible (on tentacle)
 U - an amulet of regeneration
 V - an amulet of faith (around mantle)
 W - a ring of wizardry (right tentacle)
Wands
 i - a wand of charming (10)
 u - a wand of acid (3)
 A - a wand of flame (20)
 D - a wand of digging (3)
 K - a wand of mindburst (5)
 N - a wand of roots (8)
Scrolls
 b - 4 scrolls of noise
 c - 3 scrolls of revelation
 f - 2 scrolls of immolation
 g - 3 scrolls of fear
 o - 3 scrolls of amnesia
 s - a scroll of vulnerability
 t - a scroll of teleportation
 w - 4 scrolls of enchant armour
 M - 2 scrolls of poison
 P - 10 scrolls of fog
 T - 2 scrolls of torment
Potions
 a - a potion of magic
 d - 3 potions of attraction
 h - a potion of brilliance {unknown}
 k - 3 potions of degeneration {unknown}
 l - 2 potions of heal wounds
 n - a potion of resistance
 q - 6 potions of curing
 x - 3 potions of lignification {unknown}
 z - 7 potions of enlightenment {unknown}
 E - 2 potions of mutation {unknown}
 J - 3 potions of might {unknown}
 Q - 7 potions of haste {unknown}
 R - a potion of invisibility {unknown}
Miscellaneous
 O - a sack of spiders


   Skills:
 * Level 8.6 Fighting
 + Level 6.6 Dodging
 - Level 10.6 Stealth
 + Level 9.0 Spellcasting
 * Level 13.5 Conjurations
 * Level 13.9 Fire Magic
 + Level 5.9 Ice Magic


You had 3 spell levels left.
You knew the following spells:

 Your Spells              Type           Power      Damage    Failure   Level
a - Foxfire               Conj/Fire      100%       2x1d9     1%          1
b - Scorch                Fire           100%       2d9       1%          2
c - Inner Flame           Hex/Fire       51%        N/A       1%          3
d - Shock                 Conj/Air       100%       1d9       1%          1
e - Fulminant Prism       Conj/Hex       33%        3d16      1%          4
f - Fireball              Conj/Fire      47%        3d19      1%          5
g - Orb of Destruction    Conj           46%        9d12      4%          7
z - Iskenderun's Battles  Conj           93%        2d14      1%          5

Your spell library contained the following spells:

 Spells                   Type           Power      Damage    Failure   Level
 Starburst                Conj/Fire      47%        6d13      1%          6
 Freeze                   Ice            100%       1d10      1%          1
 Sandblast                Erth           24%        2d8       1%          1
 Frozen Ramparts          Ice            90%        1d14      1%          3
 Hailstorm                Conj/Ice       79%        3d16      1%          3
 Stone Arrow              Conj/Erth      100%       3d13      1%          3
 Volatile Blastmotes      Fire/Tloc      100%       2d18      1%          3
 Passwall                 Tmut/Erth      10%        N/A       8%          2
 Sublimation of Blood     Necr           12%        N/A       8%          2
 Brom's Barrelling Bould  Conj/Erth      66%        2d8       1%          4
 Flame Wave               Conj/Fire      94%        2d20      1%          4
 Iskenderun's Mystic Bla  Conj/Tloc      66%        2d14      1%          4
 Sticky Flame             Conj/Fire      94%        2d10      1%          4
 Irradiate                Conj/Tmut      33%        3d22      2%          5
 Conjure Ball Lightning   Conj/Air       33%        3x3d11    9%          6
 Lee's Rapid Deconstruct  Erth           6%         3d6*      21%         5
 Petrify                  Tmut/Erth      12%        N/A       32%         4
 Summon Lightning Spire   Summ/Air       12%        N/A       32%         4
 Animate Armour           Summ/Erth      Unusable   N/A       N/A         4

Dungeon Overview and Level Annotations

Branches:
Dungeon (13/15)            Temple (1/1) D:6            Lair (5/5) D:10
 Shoals (0/4) Lair:3        Snake (0/4) Lair:2        Slime (0/5) Lair:5
    Orc (0/2) D:9
 Vaults: D:13-14

Altars:
Ashenzari
Cheibriados
Dithmenos
Elyvilon
Fedhas
Gozag
Hepliaklqana
Kikubaaqudgha
Makhleb
Nemelex Xobeh
Okawaru
Qazlal
Ru
Sif Muna
Trog
Uskayaw
Vehumet
Wu Jian
Xom
Yredelemnul
Zin
The Shining One
Jiyva

Shops:
D:5 ?   D:8 :

Annotations:
Lair:3 2 transporters


Innate Abilities, Weirdness & Mutations

You cannot wear most types of armour.
You are amphibious.
You can wear up to eight rings at the same time.
Your skin changes colour to match your surroundings (Stealth+).
Your rubbery body absorbs attacks. (AC +1, EV +1)
((You are camouflaged when in or above water. (Stealth+)))
You have tentacles for arms and can constrict up to eight enemies at once.


Message History

As you read the scroll of teleportation, it crumbles to dust.
You feel strangely unstable.
A meliai comes into view. It is wielding a +0 hand axe.
The meliai misses your butterfly.
The meliai hits your butterfly with a +0 hand axe!
Your butterfly dies!
Your butterfly disappears in a burst of colours!
The meliai closely misses your butterfly.
The cyan ugly thing kicks your battlesphere!
Your battlesphere is destroyed!
A cyclops comes into view.
The meliai completely misses your butterfly.
The meliai barely misses your butterfly.
You swap places.
The meliai hits your butterfly with a +2 war axe of electrocution!
Your butterfly dies!
Your butterfly disappears in a burst of colours!
You swap places.
The meliai hits your butterfly with a +0 hand axe!
Your butterfly dies!
Your butterfly disappears in a burst of colours!
The meliai hits your butterfly with a +0 hand axe!
Your butterfly dies!
Your butterfly disappears in a burst of colours!
The cyan ugly thing kicks your butterfly!
Your butterfly dies!
Your butterfly disappears in a burst of colours!
You swap places.
Your surroundings suddenly seem different.
A gargoyle comes into view. It is wielding a +0 flail.
A boulder beetle comes into view.
As you read the scroll of teleportation, it crumbles to dust.
You feel strangely unstable.
The sentinel's mark upon you fades away.
The boulder beetle enters a dispersal trap!
The gargoyle blinks!
The boulder beetle leaps!
You blink.
Found a stone staircase leading up.
The gargoyle hurls a stone arrow at you.
The stone arrow hits you!
You die...

#..............
#.............
#...........#
#...........#
#....9......###
#..............
#.............B
#.............○
#....@...##+###
#........#
#........#
########.# .#
.#


You could see a gargoyle.

Vanquished Creatures
  Snorg (D:12)
  A yaktaur captain (D:13)
  A fire dragon (Lair:5)
  7 hydras
  A centaur warrior (D:11)
  A catoblepas (Lair:5)
  4 two-headed ogres
  5 death yaks (Lair:3)
  Sonja (Lair:3)
  2 skysharks
  Nergalle (Lair:3)
  A lindwurm (Lair:5)
  3 deep elf archers (D:10)
  4 deep elf pyromancers
  An ugly thing (D:12)
  A manticore (D:11)
  An oklob plant (Lair:3)
  2 cyclopes
  5 elephants (Lair:5)
  A merfolk siren (Lair:3)
  6 black mambas
  A gargoyle (D:13)
  2 molten gargoyles (Lair:5)
  Maggie (Lair:1)
  Jeremiah (D:9)
  An unseen horror (shapeshifter) (D:10)
  Psyche (D:8)
  8 cane toads
  2 kobold demonologists
  8 komodo dragons
  2 torpor snails (Lair:5)
  2 yaktaurs (D:13)
  2 rime drakes (Lair:1)
  A freezing wraith (D:12)
  A yaktaur (shapeshifter) (D:10)
  2 trolls (D:11)
  3 merfolk (Lair:3)
  A polar bear (shapeshifter) (D:10)
  A tyrant leech (shapeshifter) (D:10)
  A tyrant leech (Lair:1)
  4 dream sheep (Lair:5)
  5 blink frogs (Lair:3)
  A shadow (D:12)
  A vampire (D:13)
  A spriggan (D:9)
  43 yaks
  6 wyverns
  7 basilisks
  5 fire bats (D:10)
  A wraith (D:11)
  2 vampire mosquitoes (D:12)
  2 swamp worms (Lair:1)
  4 steam dragons
  9 water moccasins
  An acid dragon (D:10)
  4 hell hounds (Lair:5)
  6 orc warriors
  5 sky beasts
  A black bear (Lair:2)
  6 ice beasts
  6 wolves (Lair:1)
  2 centaurs
  4 ogres
  3 phantoms
  A kobold brigand (D:9)
  10 bullfrogs
  2 scorpions (D:7)
  8 wights (D:8)
  9 killer bees
  3 howler monkeys (D:10)
  5 lava snakes (Lair:5)
  2 hounds (D:6)
  4 jellies
  A gnoll bouda (D:7)
  4 orc priests
  A sleepcap (D:5)
  An iguana (D:4)
  Ijyb (D:5)
  5 orc wizards
  8 gnolls
  4 adders
  A shadow imp (D:6)
  A white imp (D:7)
  4 ufetubi
  2 worms
  2 dart slugs (D:4)
  21 orcs
  8 ball pythons
  5 endoplasms
  4 giant cockroaches
  7 goblins
  4 hobgoblins
  4 jackals (D:3)
  6 quokkas
  8 bats
  6 frilled lizards
  12 kobolds
  7 rats
  A butterfly (D:10)
  2 fulminant prisms
394 creatures vanquished.

Vanquished Creatures (collateral kills)
  3 foxfires
3 creatures vanquished.

Vanquished Creatures (others)
  421 foxfires
  8 fulminant prisms
429 creatures vanquished.

Grand Total: 826 creatures vanquished

Notes
Turn   | Place    | Note
-------+----------+-------------------------------------------
     0 | D:1      | Dirtsage the Octopode Fire Elementalist began the quest for
                  | the Orb.
     0 | D:1      | Reached XP level 1. HP: 11/11 MP: 3/3
   326 | D:1      | Reached XP level 2. HP: 17/17 MP: 1/5
   438 | D:1      | Learned a level 2 spell: Scorch
   926 | D:2      | Reached XP level 3. HP: 21/21 MP: 0/6
   982 | D:2      | Found a faded altar of an unknown god.
  2011 | D:3      | Reached XP level 4. HP: 27/27 MP: 2/7
  2600 | D:4      | Noticed a phantom
  2609 | D:4      | Killed a phantom
  2610 | D:4      | Reached XP level 5. HP: 9/31 MP: 0/9
  2792 | D:4      | Noticed an ogre
  2864 | D:4      | Killed an ogre
  2865 | D:4      | Reached XP level 6. HP: 36/36 MP: 6/10
  3204 | D:5      | Entered Level 5 of the Dungeon
  3265 | D:5      | Found Zihi Qolimp's Magic Scroll Shoppe.
  3272 | D:5      | Bought a scroll of teleportation for 36 gold pieces
  3272 | D:5      | Bought a scroll of identify for 24 gold pieces
  3272 | D:5      | Bought a scroll of identify for 24 gold pieces
  3380 | D:5      | Learned a level 5 spell: Fireball
  3483 | D:5      | Noticed an ice beast
  3488 | D:5      | Killed an ice beast
  3489 | D:5      | Reached skill level 5 in Fire Magic
  3489 | D:5      | Reached XP level 7. HP: 41/41 MP: 7/11
  3502 | D:5      | Reached skill level 5 in Stealth
  3800 | D:5      | Found a sparkling altar of Nemelex Xobeh.
  3800 | D:5      | Found a burning altar of Makhleb.
  3800 | D:5      | Noticed Ijyb
  3808 | D:5      | Killed Ijyb
  4130 | D:6      | Reached skill level 5 in Conjurations
  4264 | D:6      | Reached XP level 8. HP: 45/46 MP: 6/13
  4306 | D:6      | Found an iron altar of Okawaru.
  4395 | D:6      | Found a staircase to the Ecumenical Temple.
  4400 | Temple   | Entered the Ecumenical Temple
  4404 | Temple   | Became a worshipper of Vehumet
  5186 | D:7      | Reached XP level 9. HP: 51/51 MP: 6/15
  5245 | D:7      | Found a hazy altar of Hepliaklqana.
  5330 | D:7      | Found an ornate altar of the Wu Jian Council.
  5701 | D:8      | Noticed Psyche
  5706 | D:8      | Killed Psyche
  5800 | D:8      | Found a snail-covered altar of Cheibriados.
  5911 | D:8      | Reached skill level 5 in Spellcasting
  6527 | D:8      | Found Gasm's Book Shop.
  6781 | D:9      | Noticed Jeremiah
  6784 | D:9      | Killed Jeremiah
  6850 | D:9      | Reached XP level 10. HP: 56/56 MP: 14/18
  7004 | D:9      | Found a staircase to the Orcish Mines.
  7056 | D:9      | Reached * piety under Vehumet
  7056 | D:9      | Offered knowledge of Kiss of Death by Vehumet.
  7269 | D:9      | Learned a level 5 spell: Iskenderun's Battlesphere
  8107 | D:9      | Learned a level 3 spell: Inner Flame
  8146 | D:10     | Entered Level 10 of the Dungeon
  8167 | D:10     | Noticed a kobold demonologist
  8173 | D:10     | Noticed a deep elf pyromancer
  8173 | D:10     | Noticed a deep elf archer
  8177 | D:10     | Killed a deep elf pyromancer
  8383 | D:10     | Noticed a deep elf pyromancer
  8388 | D:10     | Killed a deep elf pyromancer
  8539 | D:10     | Offered knowledge of Shock by Vehumet.
  8540 | D:10     | Reached skill level 10 in Fire Magic
  8542 | D:10     | Learned a level 1 spell: Shock
  8686 | D:10     | Reached ** piety under Vehumet
  8702 | D:10     | Noticed a deep elf archer
  8703 | D:10     | Noticed a deep elf archer
  8705 | D:10     | Killed a deep elf archer
  8706 | D:10     | Reached XP level 11. HP: 10/61 MP: 2/20
  9064 | D:10     | Reached skill level 10 in Stealth
  9075 | D:10     | Reached skill level 10 in Conjurations
  9339 | D:10     | Found a staircase to the Lair.
  9753 | D:11     | Noticed a centaur warrior
  9763 | D:11     | Killed a centaur warrior
 10045 | D:11     | Noticed a manticore
 10051 | D:11     | Noticed a two-headed ogre
 10053 | D:11     | Killed a manticore
 10055 | D:11     | Killed a two-headed ogre
 10316 | Lair:1   | Entered Level 1 of the Lair of Beasts
 10385 | Lair:1   | Noticed Maggie
 10392 | Lair:1   | Killed Maggie
 10393 | Lair:1   | Reached skill level 1 in Fighting
 10415 | Lair:1   | Reached skill level 1 in Ice Magic
 10608 | Lair:1   | Found the +10 zealot's sword {holy, Zealotry, *Rage rN+
                  | EV+3}
 10644 | Lair:1   | Offered knowledge of Searing Ray by Vehumet.
 10926 | Lair:1   | Reached XP level 12. HP: 71/71 MP: 10/22
 10926 | Lair:1   | Reached *** piety under Vehumet
 11558 | Lair:1   | Offered knowledge of Fulminant Prism by Vehumet.
 11564 | Lair:1   | Learned a level 4 spell: Fulminant Prism
 12155 | Lair:2   | Reached **** piety under Vehumet
 12362 | Lair:2   | Found a staircase to the Snake Pit.
 12817 | Lair:3   | Noticed a skyshark
 12823 | Lair:3   | Killed a skyshark
 12985 | Lair:3   | Found a transporter.
 13039 | Lair:3   | Found a transporter.
 13050 | Lair:3   | Noticed a death yak
 13056 | Lair:3   | Noticed a death yak
 13058 | Lair:3   | Noticed a death yak
 13058 | Lair:3   | Noticed a death yak
 13059 | Lair:3   | Killed a death yak
 13060 | Lair:3   | Reached skill level 5 in Fighting
 13061 | Lair:3   | Noticed a death yak
 13065 | Lair:3   | Killed a death yak
 13066 | Lair:3   | Killed a death yak
 13068 | Lair:3   | Killed a death yak
 13068 | Lair:3   | Offered knowledge of Mephitic Cloud by Vehumet.
 13069 | Lair:3   | Reached XP level 13. HP: 55/81 MP: 11/24
 13089 | Lair:3   | Noticed Nergalle
 13092 | Lair:3   | Killed Nergalle
 13405 | Lair:3   | Noticed Sonja
 13412 | Lair:3   | Killed Sonja
 13729 | Lair:3   | Found a staircase to the Shoals.
 14000 | Lair:3   | Learned a level 7 spell: Orb of Destruction
 14609 | Lair:4   | Reached skill level 5 in Dodging
 14880 | Lair:5   | Entered Level 5 of the Lair of Beasts
 16353 | Lair:5   | Reached skill level 5 in Ice Magic
 16353 | Lair:5   | Reached ***** piety under Vehumet
 16356 | Lair:5   | Offered knowledge of Starburst by Vehumet.
 16602 | Lair:5   | Reached XP level 14. HP: 92/92 MP: 26/26
 17391 | Lair:5   | Found a large runed translucent door.
 17391 | Lair:5   | Found a large runed translucent door.
 17492 | Lair:5   | Found a viscous altar of Jiyva.
 17492 | Lair:5   | Found a staircase to the Slime Pits.
 18442 | D:10     | Found a shimmering altar of Xom.
 20065 | D:12     | Noticed Snorg
 20071 | D:12     | Killed Snorg
 20479 | D:13     | Killed from afar by a gargoyle

Illustrated notes

Levels and vault maps discovered:
D:1:      onia_arrival_handbag, layout_basic
D:2:      wad_pebble_path, layout_loops_ring, serial_forest,
          infiniplex_forest_end_2, infiniplex_forest_clump_double,
          infiniplex_forest_straight_5, infiniplex_forest_end_3,
          infiniplex_forest_lined_ring, infiniplex_forest_clump_double,
          infiniplex_forest_lined_3, infiniplex_forest_clump_small,
          chequers_ecumenical_altar_island, hangedman_decor_slide_cut
D:3:      layout_basic
D:4:      layout_cave_pools
D:5:      layout_loops_ring, gammafunk_temple_overflow_pools, serial_shops,
          shop, uniq_ijyb
D:6:      layout_basic, okawaru_gym_becter, temple_doors_cd
D:7:      layout_basic, nicolae_hepliaklqana_hippocampus,
          nicolae_wu_jian_glorious_leap
D:8:      layout_loops_ring, mainiacjoe_overflow_24_doors, serial_shops,
          nicolae_shop_waterfront, uniq_psyche
D:9:      layout_loops_cross, david_orc_5, dk_noncrumbling_4, the_hattery,
          uniq_jeremiah
D:10:     dpeg_index_elf_rogue_hall, layout_cave_pools, xom_butterflies
D:11:     layout_long_grid
D:12:     layout_layer_cave, serial_rivers, chequers_serial_rivers_micro_a,
          chequers_serial_rivers_micro_c, chequers_serial_rivers_small_3,
          chequers_serial_rivers_room_a, lemuel_flamethrower_3, uniq_snorg
D:13:     layout_irregular_city, david_vaults_2
Temple:   hellmonk_temple_two_chambers
Lair:1:   layout_cave_pods, worms_lemuel, lemuel_fruit_fields, uniq_maggie
Lair:2:   layout_roguey, dummy_snake_entry
Lair:3:   gammafunk_cloud_chamber, layout_gridlike, elwin_shoals_entry_stream,
          serial_bayou_shore_b, uniq_sonja, uniq_nergalle
Lair:4:   layout_regular_city
Lair:5:   cheibrodos_lair_end_hotspot, layout_cave_pods,
          dpeg_slime_entry_enclosed

Skill      XL: |  1  2  3  4  5  6  7  8  9 10 11 12 13 14 |
---------------+-------------------------------------------+-----
Stealth        | 3 4 5 6 8 9 10 | 10.6
Conjurations   | 2 3 4 5 6 8 9 11 12 13 | 13.5
Fire Magic     | 4 5 6 7 8 10 11 12 13 | 13.9
Spellcasting   | 3 4 5 6 7 8 9 |  9.0
Fighting       | 2 5 7 8 |  8.6
Ice Magic      | 1 3 5 |  5.9
Dodging        | 4 5 6 |  6.6

Action                     |  1- 3 |  4- 6 |  7- 9 | 10-12 | 13-15 || total
---------------------------+-------+-------+-------+-------+-------++-------
  Melee: Unarmed           |    53 |       |       |       |       ||    53
         Constrict         |    12 |    10 |     2 |     1 |     1 ||    26
         Tentacles         |     7 |     6 |     2 |     6 |     2 ||    23
         Staff             |       |    27 |     7 |    26 |     5 ||    65
         Punch             |       |     2 |       |       |       ||     2
   Cast: Foxfire           |    41 |    44 |    80 |    56 |    25 ||   246
         Scorch            |     2 |    16 |    57 |    28 |    36 ||   139
         Fireball          |       |       |    10 |    72 |    80 ||   162
         Iskenderun's Batt |       |       |       |    38 |    24 ||    62
         Shock             |       |       |       |    72 |    17 ||    89
         Fulminant Prism   |       |       |       |     5 |     5 ||    10
         Orb of Destructio |       |       |       |       |    74 ||    74
  Evoke: Wand              |       |       |       |     1 |       ||     1
    Use: Scroll            |       |     4 |     2 |     7 |    10 ||    23
         Potion            |       |       |       |     2 |     2 ||     4
   Stab: Sleeping          |     8 |       |       |       |       ||     8
 Armour: Skin              |    19 |    14 |    22 |    71 |    66 ||   192
  Dodge: Dodged            |    27 |    22 |    48 |   123 |    92 ||   312

Table legend: (Time is in decaauts)
 A = Elapsed time spent in this place.
 B = Non-inter-level travel time spent in this place.
 C = Inter-level travel time spent in this place.
 D = Time resting spent in this place.
 E = Time spent auto-exploring this place.
 F = Levels seen in this place.
 G = Mean time per level.
                   A        B        C        D        E       F      G
               +--------+--------+--------+--------+--------+-----+--------+
         Total |  20522 |  19598 |    924 |   1069 |  15635 |  19 | 1080.1 |
       Dungeon |  12629 |  12022 |    607 |    461 |   9709 |  13 |  971.5 |
        Temple |      8 |      2 |      6 |      0 |      0 |   1 |    8.0 |
          Lair |   7884 |   7574 |    310 |    608 |   5926 |   5 | 1576.8 |
               +--------+--------+--------+--------+--------+-----+--------+

Top non-repeatable levels by time:
  Lair:5: 2645 daAuts
    D:10: 2227 daAuts
     D:9: 1679 daAuts
  Lair:1: 1447 daAuts
  Lair:4: 1428 daAuts
  Lair:3: 1272 daAuts
    D:12: 1128 daAuts
  Lair:2: 1089 daAuts
     D:2: 1083 daAuts
     D:8: 1046 daAuts
     D:5: 898 daAuts
    D:11: 842 daAuts
     D:1: 808 daAuts
     D:7: 774 daAuts
     D:6: 718 daAuts
